 Dungeon Crawl Stone Soup version 0.28.0 (webtiles) character file.

Game seed: 1148870653304559824

1708 Sanktem7 the Poker (level 8, 0/61 (70) HPs)
             Began as a Minotaur Fighter on Feb 11, 2022.
             Slain by a wight (13 damage)
             ... on level 7 of the Dungeon.
             The game lasted 00:11:13 (6648 turns).

Sanktem7 the Poker (Minotaur Fighter)               Turns: 6648, Time: 00:11:13

HP:   0/61 (70)     AC: 18    Str: 23      XL:     8   Next: 73%
MP:   7/7           EV:  7    Int:  4 (5)  God:
Gold: 1099          SH:  4    Dex:  8 (10) Spells: 7/7 levels left

rFire   x . .      SeeInvis .   w - +2 trident (venom)
rCold   + . .      Faith    .   c - +0 buckler
rNeg    . . .      Spirit   .   e - +0 plate armour
rPois   .          Reflect  .   (helmet restricted)
rElec   .          Harm     .   y - +1 cloak
rCorr   .          Rampage  .   o - +2 pair of gloves
Will    .....                   (no boots)
Stlth   ..........              (no amulet)
HPRegen 0.20/turn               C - ring of ice
MPRegen 0.10/turn               (no ring)

@: heavily drained
A: horns 2, retaliatory headbutt
a: no special abilities


You were on level 7 of the Dungeon.
You visited 1 branch of the dungeon, and saw 7 of its levels.

You collected 1099 gold pieces.

Inventory:

Hand Weapons
 a - a +0 war axe
 w - a +2 trident of venom (weapon)
Missiles
 n - 5 boomerangs (quivered)
Armour
 c - a +0 buckler (worn)
 e - a +0 plate armour (worn)
 o - a +2 pair of gloves (worn)
 y - a +1 cloak (worn)
Jewellery
 C - a ring of ice (left hand)
Scrolls
 g - a scroll of fear
 h - 2 scrolls of fog
 p - 3 scrolls of teleportation
 r - 4 scrolls of enchant armour
Potions
 d - 3 potions of might
 i - 2 potions of haste
 j - 3 potions of curing
 k - 3 potions of mutation
 l - a potion of lignification
 s - a potion of degeneration


   Skills:
 * Level 6.2 Fighting
 - Level 5.1(6.9) Axes
 * Level 7.2(8.0) Polearms
 * Level 4.1 Throwing
 + Level 6.6 Armour
 + Level 2.3 Dodging
 + Level 4.8 Shields


You had 7 spell levels left.
You didn't know any spells.
Your spell library contained the following spells:

 Spells                   Type           Power      Damage    Failure   Level
 Shock                    Conj/Air       0%         1d3       100%        1
 Summon Small Mammal      Summ           0%         N/A       100%        1
 Ensorcelled Hibernation  Hex/Ice        0%         N/A       100%        2
 Passwall                 Tmut/Erth      0%         N/A       100%        2
 Call Canine Familiar     Summ           0%         N/A       100%        3
 Portal Projectile        Hex/Tloc       0%         N/A       100%        3
 Summon Guardian Golem    Hex/Summ       0%         N/A       100%        3
 Swiftness                Air            0%         N/A       100%        3
 Airstrike                Air            0%         N/A       100%        4
 Blade Hands              Tmut           0%         N/A       100%        5
 Excruciating Wounds      Necr           0%         N/A       100%        5


Dungeon Overview and Level Annotations

Branches:
Dungeon (7/15)
 Temple: D:4-7

Altars:
Hepliaklqana
Makhleb
Nemelex Xobeh
Qazlal
Uskayaw
Yredelemnul


Innate Abilities, Weirdness & Mutations

You have a pair of horns on your head.
You reflexively headbutt those who attack you in melee.


Message History

* * * LOW HITPOINT WARNING * * *
You feel drained.
* * * LOW HITPOINT WARNING * * *
You hit the wight.
The wight is severely damaged.
The wight completely misses you.
You closely miss the wight.
You headbutt the wight, but do no damage.
The wight is severely damaged.
The wight hits you with a +5 falchion.
* * * LOW HITPOINT WARNING * * *
You feel drained.
You closely miss the wight.
You headbutt the wight, but do no damage.
The wight is severely damaged.
The wight hits you with a +5 falchion.
* * * LOW HITPOINT WARNING * * *
You feel drained.
You barely miss the wight.
The wight is severely damaged.
The wight barely misses you. You furiously retaliate!
You headbutt the wight. You closely miss the wight.
The wight is severely damaged.
You block the wight's attack.
You hit the wight. You headbutt the wight.
You destroy the wight!
You feel your dexterity returning.
You hit the wight.
The wight is moderately damaged.
The wight hits you with a +2 morningstar.
* * * LOW HITPOINT WARNING * * *
You feel drained.
* * * LOW HITPOINT WARNING * * *
You puncture the wight!
The wight is almost destroyed.
You block the wight's attack.
You closely miss the wight.
The wight is almost destroyed.
The wight hits you with a +2 morningstar!
You die...

..# #..........# ..#
#..........####
..###.............# $
..................#
..
.....##.....#.....#
...
...######...#[..###
..... ..#+
+#..#...########.....
..#
#..#...##......)....
.##
##.+...@zz..>:...# .#
#.....##..).....# ..#
#......##........#
..#
#..#...##...........
...#
#.......##...........
.....
.........)...^.##....
......
....###........# ####
...... ...
.............
...............


You could see 2 wights.

Vanquished Creatures
  An orc warrior (D:5)
  2 necrophages
  An ogre (D:6)
  3 centaurs
  A phantom (D:5)
  A wyvern zombie (D:7)
  A water moccasin zombie (D:6)
  A water moccasin skeleton (D:4)
  A howler monkey (D:6)
  4 wights (D:7)
  An electric eel (D:6)
  2 bullfrog zombies
  A hound (D:4)
  3 jellies
  A bullfrog skeleton (D:7)
  An orc priest (D:6)
  3 orc wizards
  An iguana (D:4)
  2 hound zombies (D:5)
  3 howler monkey zombies
  4 gnolls (D:3)
  8 adders
  2 white imps (D:5)
  An ufetubus (D:5)
  4 worms
  22 orcs
  11 ball pythons
  3 bats
  5 endoplasms
  2 giant cockroaches (D:1)
  5 goblins
  4 hobgoblins
  5 jackals
  4 quokkas
  A frilled lizard (D:2)
  7 kobolds
  3 rats
125 creatures vanquished.

Vanquished Creatures (others)
  4 plants (D:6)
4 creatures vanquished.

Grand Total: 129 creatures vanquished

Notes
Turn   | Place    | Note
-------+----------+-------------------------------------------
     0 | D:1      | Sanktem7 the Minotaur Fighter began the quest for the Orb.
     0 | D:1      | Reached XP level 1. HP: 19/19 MP: 0/0
   282 | D:1      | Reached XP level 2. HP: 26/27 MP: 1/1
  1083 | D:2      | Reached XP level 3. HP: 17/33 MP: 2/2
  1759 | D:3      | Reached XP level 4. HP: 40/40 MP: 3/3
  1979 | D:3      | Found a faded altar of an unknown god.
  2277 | D:3      | Reached skill level 1 in Throwing
  2475 | D:3      | Found a stormy altar of Qazlal.
  2530 | D:3      | Found a hazy altar of Hepliaklqana.
  2690 | D:4      | Reached XP level 5. HP: 44/47 MP: 4/4
  2796 | D:4      | Noticed a necrophage
  2802 | D:4      | Killed a necrophage
  2803 | D:4      | Reached XP level 6. HP: 53/53 MP: 5/5
  3010 | D:4      | Reached skill level 1 in Dodging
  3105 | D:4      | Reached skill level 5 in Axes
  3105 | D:4      | Reached skill level 5 in Armour
  3386 | D:5      | Entered Level 5 of the Dungeon
  3393 | D:5      | Reached skill level 5 in Fighting
  3393 | D:5      | Reached skill level 1 in Polearms
  3589 | D:5      | Reached XP level 7. HP: 49/61 MP: 6/6
  3598 | D:5      | Found a basalt altar of Yredelemnul.
  3666 | D:5      | Reached skill level 2 in Polearms
  3904 | D:5      | Identified the +1 leather armour of Dogma {rF- Str+2 Int+2}
  3953 | D:5      | Reached skill level 3 in Polearms
  4029 | D:5      | Found a burning altar of Makhleb.
  4054 | D:5      | Found a hide-covered altar of Uskayaw.
  4747 | D:6      | Reached skill level 4 in Polearms
  4866 | D:6      | Reached skill level 5 in Polearms
  4866 | D:6      | Reached XP level 8. HP: 65/70 MP: 7/7
  5455 | D:6      | Reached skill level 6 in Polearms
  5498 | D:6      | Found a sparkling altar of Nemelex Xobeh.
  5801 | D:6      | Identified a scroll of acquirement
  5801 | D:6      | Acquired 756 gold pieces
  6617 | D:7      | Reached skill level 7 in Polearms
  6648 | D:7      | Slain by a wight

Illustrated notes

Levels and vault maps discovered:
D:1:      dpeg_arrival_rhombus, layout_rooms
D:2:      layout_loops_ring, grunt_ministairs_1
D:3:      layout_rooms, mainiacjoe_overflow_two_lobes,
          hellmonk_ecumenical_altar_lost_god
D:4:      layout_basic
D:5:      layout_cave_pods, nicolae_yredelemnul_corpse_copse,
          kennysheep_little_box, mainiacjoe_overflow_concentric_impassable,
          minmay_misc_feat_square, nicolae_figureground_pulse
D:6:      layout_basic, mainiacjoe_overflow_alcove_4, grunt_ministairs_3,
          minmay_door_square, serial_bayou_ford_a
D:7:      layout_basic, nicolae_elyvilon_peaceful_grove,
          minmay_temple_entry_proselytizer, minivault_22

Skill      XL: |  1  2  3  4  5  6  7  8 |
---------------+-------------------------+-----
Armour         | 4 5 6 |  6.6
Fighting       | 4 5 6 |  6.2
Shields        | 4 |  4.8
Axes           | 3 4 5 |  5.1
Throwing       | 1 2 3 4 |  4.1
Dodging        | 1 2 |  2.3
Polearms       | 1 5 7 |  7.2

Action                   |  1- 3 |  4- 6 |  7- 9 || total
-------------------------+-------+-------+-------++-------
Melee: War axe           |    75 |    70 |       ||   145
       Headbutt          |     7 |    25 |    40 ||    72
       Trident           |       |    37 |   165 ||   202
  Use: Scroll            |       |       |    13 ||    13
       Potion            |       |       |     6 ||     6
Armor: Scale mail        |    32 |    58 |    77 ||   167
       Plate armour      |       |       |     5 ||     5
Dodge: Dodged            |    31 |    49 |    59 ||   139
Block: Buckler           |    22 |    20 |    22 ||    64
